 Dungeon Sprint DCSS version 0.28.0-43-g3370ac3207 (webtiles) character file.

Game seed: 18151524931059484293

149 boopmooplesden the Carver (level 5, -12/84 HPs)
             Began as a Minotaur Berserker on Mar 10, 2022.
             Was a Follower of Trog.
             Mangled by a wyvern (16 damage)
             ... in the Dungeon (Sprint II: "The Violet Keep of Menkaure").
             The game lasted 00:00:05 (8 turns).

boopmooplesden the Carver (Minotaur Berserker)         Turns: 8, Time: 00:00:06

Health: -12/84     AC:  2    Str: 24    XL:     5   Next: 9%
Magic:  4/4        EV: 12    Int:  4    God:    Trog [*.....]
Gold:   0          SH:  0    Dex:  9    Spells: 4/4 levels left

rFire   . . .      SeeInvis .   a - +0 falchion
rCold   . . .      Faith    .   (no shield)
rNeg    . . .      Spirit   .   b - +0 animal skin
rPois   .          Reflect  .   (helmet restricted)
rElec   .          Harm     .   (no cloak)
rCorr   .          Rampage  .   (no gloves)
Will    .....      NoTele   +   (no boots)
Stlth   ..........              (no amulet)
HPRegen 0.24/turn               (no ring)
MPRegen 0.09/turn               (no ring)

@: berserking, very quick
A: horns 2, retaliatory headbutt
a: Renounce Religion, Berserk


You were in the Dungeon.
You worshipped Trog.
Trog was aware of your devotion.
You visited 1 branch

Inventory:

Hand Weapons
 a - a +0 falchion (weapon)
Armour
 b - a +0 animal skin (worn)
Scrolls
 h - a scroll of blinking
Potions
 c - a potion of curing
 d - a potion of heal wounds
 e - a potion of haste
 f - 2 potions of magic
 g - a potion of berserk rage


   Skills:
 + Level 8.4 Fighting
 + Level 8.6 Long Blades
 + Level 4.5 Armour
 + Level 4.3 Dodging


You had 4 spell levels left.
You didn't know any spells.
Your spell library was empty.

Dungeon Overview and Level Annotations

Branches:
Dungeon (1/1)

Altars:


Innate Abilities, Weirdness & Mutations

You have a pair of horns on your head.
You reflexively headbutt those who attack you in melee.


Message History

Press ? for a list of commands and other information.
Found a staircase leading out of the dungeon.
You open the door. 2 wyverns come into view.
A red film seems to cover your vision as you go berserk!
You feel yourself moving faster!
You feel mighty!
The wyvern hisses angrily.
The wyvern barely misses you.
You closely miss the wyvern. You punch the wyvern.
The wyvern is lightly wounded.
The wyvern bites you!
Ouch! That really hurt!
You barely miss the wyvern.
The wyvern is lightly wounded.
The wyvern bites you!
* * * LOW HITPOINT WARNING * * *
You slash the wyvern! Your headbutt misses the wyvern.
The wyvern is heavily wounded.
The wyvern closely misses you. You furiously retaliate!
You headbutt the wyvern! You hit the wyvern but do no damage.
You headbutt the wyvern.
You kill the wyvern!
Trog accepts your kill.
Your Fighting skill gained 5 levels and is now at level 8!
Your Long Blades skill gained 5 levels and is now at level 8!
Your Armour skill gained 2 levels and is now at level 4!
Your Dodging skill gained 2 levels and is now at level 4!
You have reached level 2!
You have reached level 3!
Your experience leads to an increase in your attributes!
Increase (S)trength, (I)ntelligence, or (D)exterity?
You feel stronger. x2
You have reached level 4!
You feel stronger.
You have reached level 5!
You barely miss the wyvern. The wyvern barely misses you.
You slash the wyvern!
The wyvern is heavily wounded.
The wyvern bites you!
You die...

## ##
.# #.
.#.
#l#
##@##
+.<.+
##.##
#+#


You could see a wyvern.

Vanquished Creatures
  A wyvern (D)
1 creature vanquished.

Notes
Turn   | Place    | Note
-------+----------+-------------------------------------------
     0 | D        | boopmooplesden the Minotaur Berserker began the quest for
                  | the Orb.
     0 | D        | Reached XP level 1. HP: 19/19 MP: 0/0
     1 | D        | Noticed a wyvern
     1 | D        | Noticed a wyvern
     4 | D        | HP: 1/28 [wyvern (12)]
     6 | D        | Killed a wyvern
     7 | D        | Reached XP level 2. HP: 2/36 MP: 1/1
     7 | D        | Reached XP level 3. HP: 3/41 MP: 2/2
     7 | D        | Reached XP level 4. HP: 3/49 MP: 3/3
     7 | D        | Reached XP level 5. HP: 4/56 MP: 4/4
     8 | D        | Mangled by a wyvern

Illustrated notes

Levels and vault maps discovered:
D:        the_violet_keep_of_menkaure [sprint2_stairs_cluster_1,
          sprint2_shoproom, sprint2_temple, sprint2_basic_supplies,
          sprint2_obstacle_1, sprint2_obstacle_7, sprint2_obstacle_6,
          sprint2_obstacle_2, sprint2_obstacle_3, sprint2_timed_cluster_1,
          sprint2_smallroom_cluster_1, sprint2_smallroom_final_cluster_1,
          sprint2_transparent_cluster_1, sprint2_second_timed_cluster_1,
          sprint2_sniper_area_1, sprint2_heavy_combat_area_1,
          sprint2_mutation_trap_area_1, sprint2_forest_area_1,
          sprint2_light_combat_area_1, sprint2_behind_water_1,
          sprint2_near_end_vault_1]

Skill      XL: |  1 |
---------------+----+-----
Fighting       | 8 |  8.4
Long Blades    | 8 |  8.6
Armour         | 4 |  4.5
Dodging        | 4 |  4.3

Action                   |  1- 3 |  4- 6 || total
-------------------------+-------+-------++-------
Melee: Falchion          |     4 |     2 ||     6
       Headbutt          |     1 |       ||     1
       Punch             |     1 |       ||     1
Invok: Berserk           |     1 |       ||     1
Dodge: Dodged            |     2 |     1 ||     3
